 Dungeon Crawl Stone Soup version 0.16-a0-223-g37887f7 (console) character file.

2874 Kellhus the Grappler (level 9, -10/89 HPs)
             Began as a Troll Monk on Aug 20, 2014.
             Killed by divine providence
             ... invoked by a smoke demon
              (16 damage)
             ... on Level 1 of the Abyss.
             The game lasted 00:12:13 (5195 turns).

Kellhus the Grappler (Troll Monk)                   Turns: 5195, Time: 00:12:14

HP -10/89        AC  6     Str 25      XL: 9   Next: 47%
MP   4/4         EV 10     Int  6      God:
Gold 318         SH  0     Dex 15      Spells:  0 memorised,  8 levels left

rFire  . . .     SeeInvis .       - Unarmed
rCold  . . .     Clarity  .     a - +0 robe
rNeg   . . .     rCorr    .     (shield restricted)
rPois  .         rRot     .     (helmet restricted)
rElec  .         Spirit   .     (no cloak)
SustAb .         Warding  .     (gloves unavailable)
rMut   .         Stasis   .     (boots unavailable)
Gourm  +                        (no amulet)
MR     .....                    q - +4 ring of strength
                                k - +1 ring of protection

@: not resistant to hostile enchantments, unstealthy
A: unfitting armour, claws 3, fast metabolism 3, gourmand, regeneration 2,
saprovore 2, shaggy fur 1, tough skin 2
a: no special abilities


You were on level 1 of the Abyss.
You were very full.

You visited 1 branch of the dungeon, and saw 6 of its levels.
You visited the Abyss 1 time.
You also visited: Sewer.

You collected 318 gold pieces.

Inventory:

Armour
 a - a +0 robe (worn)
Magical devices
 u - a wand of fireball (6) {unknown}
 y - a wand of slowing (0)
 C - a wand of confusion (9) {unknown}
Comestibles
 b - 4 meat rations
 d - 2 beef jerkies
 f - 7 bread rations
 h - a slice of pizza
 z - a chunk of ball python flesh
Scrolls
 c - a scroll of remove curse
 e - a scroll of fear
 g - 2 scrolls of noise
 j - a scroll of immolation
 o - a scroll of recharging
 r - a scroll of random uselessness
 w - 2 scrolls of fog
Jewellery
 k - a +1 ring of protection (left claw)
 n - an uncursed ring of fire
 q - a +4 ring of strength (right claw)
Potions
 i - a potion of magic
 l - a potion of degeneration
 m - a potion of flight
 p - a potion of agility
 s - 4 potions of heal wounds {unknown}
 t - 6 potions of curing {unknown}
 v - a potion of berserk rage
 x - a potion of poison {unknown}
 A - 5 potions of brilliance {unknown}
 B - 3 potions of might {unknown}


   Skills:
 + Level 6.2 Fighting
 - Level 2.4 Dodging
 - Level 1.1 Stealth
 - Level 11.7 Unarmed Combat


You had 8 spell levels left.
You didn't know any spells.

Dungeon Overview and Level Annotations

Branches:
Dungeon (6/15)
 Temple: D:4-7

Altars:

Annotations:
D:6 Dowan, Duvessa


Innate Abilities, Weirdness & Mutations

You are too large for most types of armour.
You have claws for hands.
Your metabolism is lightning-fast.
You like to eat raw meat.
You heal very quickly.
You can eat rotten meat.
You are covered in fur (AC +1).
You have very tough skin (AC +2).


Message History

The thrashing horror closely misses you.
The thrashing horror tramples you.
* * * LOW HITPOINT WARNING * * *
You hold your ground!
Found a trident.
The thrashing horror roars!
The thrashing horror tramples you.
* * * LOW HITPOINT WARNING * * *
You hold your ground!
The thrashing horror tramples you.
* * * LOW HITPOINT WARNING * * *
You hold your ground!
Unknown command.
The thrashing horror tramples you.
* * * LOW HITPOINT WARNING * * *
You hold your ground!
The thrashing horror tramples you.
* * * LOW HITPOINT WARNING * * *
You hold your ground!
The smoke demon gestures at you. Something smites you!
You die...

.. #.## ... #.#####
## #..#).# #..##...#
.. #.@#.#####..# .
#.#X....3.## ##.
#####.#....#. #.#. ##
##.#..#....# #..
#.###..#...# . .
##...##.#....#
##.###.#.#.###......#
#.....####.# ..#..##
###..#.. .. .#.%#?.


You could see a thrashing horror and a smoke demon.

Vanquished Creatures
  Grinder (D:5)
  A two-headed ogre (D:5)
  Prince Ribbit (D:3)
  The ghost of hackum the Shield-Bearer, an average FoFi of Okawaru (D:5)
  The ghost of Kellhus the Ruinous, an average DrWz (D:3)
  4 ogres
  An ice beast (D:5)
  A centaur (D:5)
  A big kobold (Sewer)
  4 giant frogs
  2 scorpions
  4 crimson imps
  2 jellies (D:5)
  A goliath beetle (D:6)
  A hound (D:5)
  A gnoll shaman (D:5)
  An orc priest (D:3)
  A giant frog skeleton (D:4)
  3 orc wizards
  2 worker ants (D:5)
  2 iguanas
  Ijyb (D:3)
  Jessica (D:3)
  7 gnolls
  3 green rats (Sewer)
  13 adders
  A shadow imp (D:5)
  5 giant mites
  An iguana zombie (D:6)
  An adder skeleton (D:5)
  6 giant geckos
  2 oozes (D:3)
  24 orcs
  8 ball pythons
  7 bats
  7 giant cockroaches
  12 goblins
  7 hobgoblins
  11 jackals
  5 giant newts
  28 kobolds
  3 orc skeletons
  A quokka (D:5)
  A quokka skeleton (D:5)
  30 rats
221 creatures vanquished.

Notes
Turn   | Place    | Note
--------------------------------------------------------------
     0 | D:1      | Kellhus, the Troll Monk, began the quest for the Orb.
     0 | D:1      | Reached XP level 1. HP: 22/22 MP: 1/1
    92 | D:1      | Reached XP level 2. HP: 29/29 MP: 1/1
   473 | D:2      | Reached skill level 5 in Unarmed Combat
   503 | D:2      | Reached XP level 3. HP: 36/36 MP: 2/2
   858 | D:2      | Reached XP level 4. HP: 42/44 MP: 2/2
  1112 | D:3      | Reached skill level 6 in Unarmed Combat
  1307 | D:3      | Reached XP level 5. HP: 47/50 MP: 2/2
  1395 | D:3      | Noticed Ijyb
  1400 | D:3      | Killed Ijyb
  1491 | D:3      | Reached skill level 7 in Unarmed Combat
  1560 | D:3      | Noticed Jessica
  1561 | D:3      | Killed Jessica
  1684 | D:3      | Noticed Kellhus' ghost (average DrWz)
  1707 | D:4      | Reached XP level 6. HP: 50/59 MP: 3/3
  1753 | D:4      | Noticed Prince Ribbit
  1753 | D:4      | Noticed an ogre
  1837 | D:3      | Killed Kellhus' ghost
  1919 | D:2      | Killed an ogre
  1919 | D:2      | Reached skill level 8 in Unarmed Combat
  2065 | D:3      | Reached XP level 7. HP: 66/66 MP: 3/3
  2255 | D:3      | Killed Prince Ribbit
  2255 | D:3      | Reached skill level 9 in Unarmed Combat
  3427 | D:5      | Entered Level 5 of the Dungeon
  3427 | D:5      | Noticed hackum's ghost (average FoFi)
  3432 | D:4      | Reached skill level 10 in Unarmed Combat
  3450 | D:4      | Reached XP level 8. HP: 57/74 MP: 3/3
  3521 | D:5      | Noticed a two-headed ogre
  3556 | D:5      | Killed a two-headed ogre
  3603 | D:5      | Reached skill level 11 in Unarmed Combat
  3678 | D:5      | Noticed Grinder
  3679 | D:5      | Paralysed by Grinder for 2 turns
  3705 | D:5      | Killed Grinder
  3737 | D:5      | Found a glowing drain.
  3798 | Sewer    | Entered a sewer
  4416 | D:5      | Reached XP level 9. HP: 70/84 MP: 4/4
  4626 | D:5      | Killed hackum's ghost
  4728 | D:5      | Reached skill level 5 in Fighting
  5153 | D:6      | Noticed Duvessa
  5160 | D:6      | Noticed Dowan
  5166 | D:6      | Cast into the Abyss (Duvessa)
  5170 | Abyss:1  | Noticed a thrashing horror
  5193 | Abyss:1  | Noticed a smoke demon
  5195 | Abyss:1  | Killed from afar by a smoke demon

Action                   |  1- 3 |  4- 6 |  7- 9 || total
-------------------------+-------+-------+-------++-------
Melee: Unarmed           |    73 |   134 |   290 ||   497
  Use: Scroll            |       |       |    14 ||    14
 Stab: Sleeping          |     2 |     2 |     4 ||     8
  Eat: Chunk             |    12 |    12 |    28 ||    52
